 Dungeon Crawl Stone Soup version 0.21.0-24-g2553a3340b (webtiles) character file.

162 Krosko the Skirmisher (level 5, 0/36 HPs)
             Began as a Gargoyle Fighter on Jan 21, 2018.
             Slain by a crocodile (7 damage)
             ... on level 4 of the Dungeon.
             The game lasted 00:06:31 (2385 turns).

Krosko the Skirmisher (Gargoyle Fighter)            Turns: 2385, Time: 00:06:31

Health: 0/36       AC: 12    Str: 20    XL:     5   Next: 43%
Magic:  5/5        EV:  7    Int:  9    God:
Gold:   127        SH:  9    Dex:  9    Spells: 4/4 levels left

rFire    . . .     SeeInvis .   a - +0 flail
rCold    . . .     Gourm    .   c - +0 shield
rNeg     + . .     Faith    .   b - +0 scale mail
rPois    ∞         Spirit   .   (no helmet)
rElec    +         Reflect  .   o - +0 cloak
rCorr    .         Harm     .   (no gloves)
MR       .....                  (no boots)
Stlth    ..........             (no amulet)
HPRegen  0.12/turn              (no ring)
MPRegen  0.09/turn              (no ring)

@: no status effects
A: negative energy resistance 1, electricity resistance, unbreathing,
petrification resistance, rot immunity, AC +4
a: no special abilities


You were on level 4 of the Dungeon.
You were not hungry.

You visited 1 branch of the dungeon, and saw 4 of its levels.
You also visited: Sewer.

You collected 127 gold pieces.

Inventory:

Hand Weapons
 a - a +0 flail (weapon)
Armour
 b - a +0 scale mail (worn)
 c - a +0 shield (worn)
 o - a +0 cloak (worn)
Jewellery
 r - a +4 ring of evasion {unknown}
Scrolls
 e - 3 scrolls of fog {unknown}
 g - 2 scrolls of enchant armour {unknown}
 h - 4 scrolls of identify {unknown}
 i - 4 scrolls of teleportation {unknown}
 j - a scroll of remove curse {unknown}
 l - 2 scrolls of blinking {unknown}
 n - a scroll of fear {unknown}
 p - 2 scrolls of enchant weapon {unknown}
 t - a scroll of amnesia {unknown}
Potions
 d - a potion of might
 k - a potion of heal wounds {unknown}
 m - a potion of agility {unknown}
 q - 2 potions of resistance {unknown}
 u - a potion of curing {unknown}
 v - a potion of haste {unknown}
Books
 s - a book of Necromancy

   Spells                             Type                      Level
   a - Pain                           Necromancy                   1
   b - Animate Skeleton               Necromancy                   1
   c - Vampiric Draining              Necromancy                   3
   d - Regeneration                   Charms/Necromancy            3
   e - Animate Dead                   Necromancy                   4
   f - Borgnjor's Vile Clutch         Necromancy/Earth             5
Comestibles
 f - 5 rations
 w - 3 chunks of flesh


   Skills:
 + Level 6.0 Fighting
 - Level 2.1 Maces & Flails
 - Level 3.6 Armour
 - Level 3.6 Shields


You had 4 spell levels left.
You didn't know any spells.

Dungeon Overview and Level Annotations

Branches:
Dungeon (4/15)
 Temple: D:4-7

Altars:
Xom
Zin


Innate Abilities, Weirdness & Mutations

You are resistant to torment.
Your stone body is resilient. (AC +4)
You are immune to poison.
You resist negative energy. (rN+)
You are resistant to electric shocks. (rElec)
You can survive without breathing.
You are immune to petrification.
You are immune to rotting.


Message History

You block the crocodile's attack.
You enter the shallow water.
Moving in this stuff is going to be slow.
The crocodile barely misses you. You block the crocodile's attack.
You enter the shallow water.
Moving in this stuff is going to be slow.
The crocodile bites you but does no damage.
Things that are here:
a dagger; a stone; a kobold corpse
There is a gate leading back out of this place here.
The crocodile bites you.
Welcome back to the Dungeon!
There is a collapsed entrance here.
You closely miss the crocodile.
The crocodile is moderately wounded.
The crocodile bites you.
* * * LOW HITPOINT WARNING * * *
The crocodile bites you!
You die...

######
#t@#≈#
#≈##≈≈
#≈##≈# #
#≈≈#≈#
#≈##≈#≈#
#≈≈≈≈#≈#
####†#≈# ##
#≈≈††††# .#
#≈########.#


You could see a crocodile.

Vanquished Creatures
  6 adders
  A river rat (D:4)
  An ooze (D:2)
  7 worms
  2 dart slugs
  2 leopard geckos
  3 orcs (D:3)
  A ball python (D:3)
  A giant cockroach (D:2)
  6 goblins
  7 hobgoblins
  2 jackals (Sewer)
  10 kobolds
  A quokka (D:2)
  4 bats
  5 frilled lizards
  14 rats
73 creatures vanquished.

Notes
Turn   | Place    | Note
-------+----------+-------------------------------------------
     0 | D:1      | Krosko the Gargoyle Fighter began the quest for the Orb.
     0 | D:1      | Reached XP level 1. HP: 14/14 MP: 1/1
   118 | D:1      | Reached XP level 2. HP: 19/19 MP: 2/2
   800 | D:2      | Reached skill level 4 in Fighting
   800 | D:2      | Reached XP level 3. HP: 17/24 MP: 3/3
  1050 | D:2      | Reached XP level 4. HP: 29/30 MP: 4/4
  1058 | D:2      | Found a shimmering altar of Xom.
  1225 | D:2      | Reached skill level 5 in Fighting
  1897 | D:3      | Found a glowing silver altar of Zin.
  2125 | D:4      | Reached XP level 5. HP: 33/35 MP: 5/5
  2262 | D:4      | Reached skill level 6 in Fighting
  2281 | D:4      | Found a glowing drain.
  2287 | Sewer    | Entered a sewer
  2349 | Sewer    | Noticed a crocodile
  2385 | D:4      | Slain by a crocodile

Skill      XL: |  1  2  3  4  5 |
---------------+----------------+-----
Fighting       | 4 5 6 |  6.0
Maces & Flails | |  2.1
Armour         | |  3.6
Shields        | |  3.6

Action                   |  1- 3 |  4- 6 || total
-------------------------+-------+-------++-------
Melee: Flail             |   100 |   223 ||   323
  Eat: Chunk             |       |     6 ||     6
Armor: Scale mail        |    47 |   165 ||   212
Dodge: Dodged            |    30 |    81 ||   111
Block: Shield            |    49 |   144 ||   193
